 Dungeon Crawl Stone Soup version 0.26.1-11-gd32895ea62 (webtiles) character file.

Game seed: 12241864247245655514

4615 Zeld the Cleaver (level 10, 2/87 (88) HPs)
             Began as a Hill Orc Monk on June 14, 2021.
             Was a Priest of Beogh.
             Quit the game on level 8 of the Dungeon.
             The game lasted 00:13:11 (14804 turns).

Zeld the Cleaver (Hill Orc Monk)                   Turns: 14804, Time: 00:13:11

HP:   2/87 (88)     AC: 16    Str: 18    XL:     10   Next: 42%
MP:   7/10          EV:  8    Int: 10    God:    Beogh [***...]
Gold: 158           SH:  0    Dex: 13    Spells: 9/9 levels left

rFire    . . .     SeeInvis .   a - +0 hand axe
rCold    + . .     Faith    .   (no shield)
rNeg     . . .     Spirit   .   q - +0 plate armour
rPois    +         Reflect  .   n - +0 helmet
rElec    .         Harm     .   z - +0 cloak
rCorr    .         Rampage  .   t - +0 pair of gloves
Will     .....                  (no boots)
Stlth    ..........             (no amulet)
HPRegen  0.24/turn              A - ring of the Invisible Hand {+Blink rPois rC+}
MPRegen  0.12/turn              (no ring)

@: lethally poisoned (2 -> 0), berserk cooldown, slowed, lightly drained, very
slow
A: no striking features
a: Renounce Religion, Evoke Blink, Smiting


You were on level 8 of the Dungeon.
You worshipped Beogh.
Beogh was most pleased with you.
You visited 2 branches of the dungeon, and saw 9 of its levels.

You collected 411 gold pieces.
You spent 253 gold pieces at shops.

Inventory:

Hand Weapons
 a - a +0 hand axe (weapon)
Missiles
 f - 126 stones (quivered)
 p - 8 boomerangs
Armour
 n - a +0 helmet (worn)
 q - a +0 plate armour (worn)
 t - a +0 pair of gloves (worn)
 z - a +0 cloak (worn)
Jewellery
 A - the ring of the Invisible Hand (left hand) {+Blink rPois rC+}
   (You found it on level 6 of the Dungeon)

   [ring of poison resistance]

   It protects you from cold.
   It protects you from poison.
   It lets you blink.
Wands
 o - a wand of digging (3)
 x - a wand of paralysis (11)
 y - a wand of iceblast (11)
 F - a wand of acid (10)
Scrolls
 b - 5 scrolls of enchant armour {unknown}
 e - 6 scrolls of identify {unknown}
 g - 4 scrolls of enchant weapon {unknown}
 h - 2 scrolls of fog {unknown}
 j - 4 scrolls of noise {unknown}
 k - 6 scrolls of magic mapping {unknown}
 l - 4 scrolls of amnesia {unknown}
 s - 5 scrolls of teleportation {unknown}
 u - 7 scrolls of remove curse {unknown}
 B - 2 scrolls of brand weapon {unknown}
 D - a scroll of blinking {unknown}
Potions
 c - 3 potions of might {unknown}
 d - 4 potions of lignification {unknown}
 i - 3 potions of attraction {unknown}
 m - 4 potions of heal wounds {unknown}
 r - a potion of resistance {unknown}
 v - 2 potions of haste {unknown}
 w - a potion of flight {unknown}
 C - a potion of degeneration {unknown}
 E - a potion of magic {unknown}
 G - a potion of curing {unknown}


   Skills:
 + Level 8.1 Fighting
 * Level 11.6 Axes
 * Level 5.6 Throwing
 + Level 6.5 Armour
 + Level 5.5 Dodging
 - Level 1.5 Stealth


You had 9 spell levels left.
You didn't know any spells.
Your spell library contained the following spells:

 Spells                   Type           Power        Failure   Level
 Summon Ice Beast         Ice/Summ       0%           100%        4
 Summon Hydra             Summ           0%           100%        7


Dungeon Overview and Level Annotations

Branches:
Dungeon (8/15)             Temple (1/1) D:5            Lair (0/6) D:8

Altars:
Ashenzari
Cheibriados
Dithmenos
Elyvilon
Fedhas
Gozag
Hepliaklqana
Kikubaaqudgha
Makhleb
Nemelex Xobeh
Okawaru
Qazlal
Ru
Trog
Uskayaw
Vehumet
Wu Jian
Xom
Yredelemnul
Zin
The Shining One

Shops:
D:5 }

Annotations:
D:8 Dillybarz's ghost, novice GrFi


Message History

* * * LOW HITPOINT WARNING * * *
You feel sick.
The big kobold throws a curare-tipped dart.
The curare-tipped dart hits you.
The big kobold throws a curare-tipped dart.
The curare-tipped dart hits you.
Okay, then.
Unknown command.
You blink.
* * * LOW HITPOINT WARNING * * *
You feel sick.
Unknown command.
Unknown command.
Unknown command.
Unknown command.
Are you sure you want to abandon this character and quit the game? (Confirm with "yes".)
Okay, then.
Unknown command.
Unknown command.
Are you sure you want to abandon this character and quit the game? (Confirm with "yes".)

.# ###.K...........'..... .#
##..KK.........#)).###. <#
##.......##.#..##)#..... .#
##.....##.##.#..##[##.♣.# .#
#......##.......##.)##### .#
#......##.........)#.....
.########.(.WK.##..#.#.###...##..
...#......(KK..##....#.# ##......
##.#.######...§.@..#.#.# #.###..
#.#.# ##.#.#.#.#.#.# #.# ##.
#.#.# #...........# #.# #.
##.#.#########........## #.####.
#....>..##............# #......
#.......##.###.....#### ######.
#.......##.# #.....#########.....
#........[[###...............####
#.......#.)##.....############


You could see 3 big kobolds and Dillybarz's ghost.

Vanquished Creatures
  Maurice (D:8)
  Maggie (D:8)
  Sigmund (D:5)
  A wyvern (D:8)
  2 basilisks (D:8)
  Menkaure (D:6)
  Edmund (D:6)
  2 water moccasins (D:8)
  3 ice beasts
  An orc warrior (D:8)
  2 sky beasts (D:5)
  5 ogres
  5 big kobolds
  3 bullfrogs
  2 scorpions
  A howler monkey (D:3)
  4 wights (D:7)
  A bullfrog zombie (D:4)
  A centaur zombie (D:8)
  2 orc priests
  7 hounds
  2 jellies (D:8)
  8 orc wizards
  A centaur skeleton (D:7)
  Crazy Yiuf (D:5)
  Jessica (D:3)
  7 worker ants
  3 gnolls (D:5)
  8 adders
  2 shadow imps (D:5)
  A white imp (D:6)
  4 ufetubi
  An ooze (D:3)
  7 worms
  2 dart slugs
  3 leopard geckos
  26 orcs
  A ball python (D:5)
  5 bats
  3 giant cockroaches
  11 goblins
  12 hobgoblins
  11 jackals
  14 kobolds
  4 quokkas
  2 frilled lizards (D:2)
  2 leopard gecko skeletons
  7 rats
196 creatures vanquished.

Vanquished Creatures (collateral kills)
  An orc priest (D:8)
1 creature vanquished.

Vanquished Creatures (others)
  2 orc wizards
  2 orcs (D:8)
  15 plants (D:8)
19 creatures vanquished.

Grand Total: 216 creatures vanquished

Notes
Turn   | Place    | Note
-------+----------+-------------------------------------------
     0 | D:1      | Zeld the Hill Orc Monk began the quest for the Orb.
     0 | D:1      | Reached XP level 1. HP: 19/19 MP: 1/1
   333 | D:1      | Reached XP level 2. HP: 26/27 MP: 2/2
   852 | D:3      | Reached skill level 1 in Armour
   858 | D:3      | Reached XP level 3. HP: 18/33 MP: 3/3
  1354 | D:3      | Noticed Jessica
  1380 | D:3      | Killed Jessica
  1381 | D:3      | Reached skill level 5 in Axes
  1381 | D:3      | Reached XP level 4. HP: 32/40 MP: 4/4
  2588 | D:4      | Noticed an ogre
  2790 | D:4      | Reached XP level 5. HP: 34/47 MP: 5/5
  3127 | D:4      | Reached skill level 6 in Axes
  3393 | D:3      | Reached XP level 6. HP: 30/53 MP: 6/6
  5426 | D:2      | Found a burning altar of Makhleb.
  5701 | D:5      | Entered Level 5 of the Dungeon
  5717 | D:5      | Reached skill level 5 in Fighting
  5982 | D:5      | Noticed Sigmund
  5996 | D:5      | Killed Sigmund
  5997 | D:5      | Reached skill level 7 in Axes
  5997 | D:5      | Reached XP level 7. HP: 56/61 MP: 7/7
  6450 | D:5      | Reached skill level 8 in Axes
  6748 | D:5      | Reached XP level 8. HP: 70/70 MP: 8/8
  6877 | D:5      | Found a staircase to the Ecumenical Temple.
  6878 | D:5      | Became a worshipper of Beogh the Brigand
  6878 | D:5      | Reached * piety under Beogh
  6878 | D:5      | Reached ** piety under Beogh
  6947 | Temple   | Entered the Ecumenical Temple
  7350 | D:5      | Found Belite's Gadget Shop.
  7400 | D:5      | Bought a wand of paralysis (6) for 88 gold pieces
  7400 | D:5      | Bought a wand of iceblast (11) for 165 gold pieces
  7710 | D:5      | Reached skill level 1 in Throwing
  7922 | D:5      | Reached skill level 9 in Axes
  8264 | D:5      | Found a runed translucent door.
  8265 | D:5      | Noticed Crazy Yiuf
  8420 | D:5      | Killed Crazy Yiuf
  8533 | D:6      | Noticed Menkaure
  8544 | D:6      | Killed Menkaure
  9196 | D:6      | Found a broken altar of Ashenzari.
  9364 | D:6      | Found a stormy altar of Qazlal.
  9365 | D:6      | Found a glowing golden altar of the Shining One.
  9381 | D:6      | Reached skill level 5 in Armour
  9381 | D:6      | Reached XP level 9. HP: 70/78 MP: 9/9
  9638 | D:6      | Got a glittering wooden ring
  9639 | D:6      | Identified the ring of the Invisible Hand {+Blink rPois
                  | rC+} (You found it on level 6 of the Dungeon)
  9659 | D:6      | Noticed Edmund
  9681 | D:6      | Killed Edmund
  9898 | D:6      | Reached skill level 10 in Axes
 10668 | D:7      | Found a blossoming altar of Fedhas.
 10677 | D:7      | Found an ancient bone altar of Kikubaaqudgha.
 11540 | D:7      | Reached skill level 5 in Dodging
 11571 | D:7      | Identified the Tome of Calling
 12087 | D:7      | Found a basalt altar of Yredelemnul.
 12088 | D:7      | Found a bloodstained altar of Trog.
 12251 | D:8      | Found a runed translucent gate.
 12251 | D:8      | Found a runed translucent gate.
 12251 | D:8      | Found a runed translucent gate.
 12253 | D:8      | Identified the +5 whip of Gloom {drain, *Drain +Inv rC+
                  | Stlth+}
 12254 | D:8      | Noticed Dillybarz's ghost (novice GrFi)
 12272 | D:8      | Reached *** piety under Beogh
 13001 | D:8      | Reached skill level 11 in Axes
 13001 | D:8      | Reached XP level 10. HP: 41/88 MP: 10/10
 13202 | D:8      | Noticed Maurice
 13502 | D:8      | Killed Maurice
 13503 | D:8      | Reached skill level 5 in Throwing
 13509 | D:8      | Found a staircase to the Lair.
 13600 | D:8      | Noticed Maggie
 13626 | D:8      | Killed Maggie
 14801 | D:8      | HP: 4/87 [asphyx]
 14804 | D:8      | Quit the game

Illustrated notes

Levels and vault maps discovered:
D:1:      nicolae_arrival_memento_mori, layout_basic
D:2:      cheibrodos_greedy_goblins, layout_basic, lemuel_coloured_pillars_altar
D:3:      layout_basic, minmay_misc_feat_square, uniq_jessica
D:4:      layout_loops_ring
D:5:      layout_basic, minmay_temple_entry_proselytizer, serial_shops,
          kennysheep_little_box, amcnicky_mini_rare_corridor_liquid,
          uniq_sigmund, uniq_crazy_yiuf_cottage
D:6:      layout_gridville, amethyst_overflow_temple_binary, ashenzari_altar_1,
          uniq_menkaure, uniq_edmund
D:7:      layout_loops_ring, gammafunk_temple_overflow_statue,
          nicolae_overflow_crystal_walls, basic_altar, chequers_jeans,
          chequers_serial_rivers_large_b
D:8:      layout_loops_ring, minmay_lair_entry_grove,
          gammafunk_ghost_nasty_kobolds, chequers_serial_rivers_room_b,
          uniq_maurice, uniq_maggie
Temple:   regret_index_temple_generic_petals

Skill      XL: |  1  2  3  4  5  6  7  8  9 10 |
---------------+-------------------------------+-----
Armour         | 1 2 3 4 5 6 |  6.5
Fighting       | 4 5 6 7 8 |  8.1
Axes           | 5 6 7 8 9 11 | 11.6
Dodging        | 3 4 5 |  5.5
Throwing       | 2 4 5 |  5.6
Stealth        | |  1.5

Action                   |  1- 3 |  4- 6 |  7- 9 | 10-12 || total
-------------------------+-------+-------+-------+-------++-------
Melee: Hand axe          |   113 |   283 |   648 |   172 ||  1216
Invok: Convert to Beogh  |       |       |     1 |       ||     1
 Abil: Evoke Blink       |       |       |       |     8 ||     8
Evoke: Wand              |       |       |     9 |     5 ||    14
 Stab: Sleeping          |     2 |     1 |       |       ||     3
       Invisible         |       |       |     1 |       ||     1
       Paralysed         |       |       |       |    10 ||    10
Armor: Robe              |    30 |     5 |       |       ||    35
       Plate armour      |       |   161 |   393 |    95 ||   649
Dodge: Dodged            |   108 |    96 |   167 |    52 ||   423
